 Dungeon Crawl Stone Soup version 0.31-a0-984-gbfb7dba898 (webtiles) character file.

Game seed: 13816118872537900333

2317 BinkBink the Shield-Bearer (level 9, -5/71 HPs)
             Began as a Formicid Fighter on Nov 3, 2023.
             Was a Believer of Qazlal.
             Killed from afar by an acid dragon (22 damage)
             ... with a splash of acid
             ... on level 7 of the Dungeon.
             The game lasted 00:15:04 (7874 turns).

BinkBink the Shield-Bearer (Formicid Fighter)       Turns: 7874, Time: 00:15:05

Health: -5/71      AC:  7    Str: 20    XL:     9   Next: 68%
Magic:  9/9        EV: 12    Int:  9    God:    Qazlal [**....]
Gold:   525        SH: 10    Dex: 17    Spells: 8/8 levels left

rFire   . . .        a - +0 long sword
rCold   . . .        c - +0 buckler
rNeg    . . .        b - +0 scale mail
rPois   .            (helmet unavailable)
rElec   .            (cloak currently unavailable)
rCorr   .            (gloves currently unavailable)
SInv    +            (boots currently unavailable)
Will    .....        (no amulet) Stlth
                     (no ring)
HPRegen 0.31/turn    (no ring)
MPRegen 0.11/turn

%: no passive effects
@: beast-form
A: beast (slay +2), permanent stasis, dig shafts and tunnels, antennae 3, four
strong arms
a: Dig, Shaft Self, Begin Untransformation, Renounce Religion, Upheaval


You were on level 7 of the Dungeon.
You worshipped Qazlal.
Qazlal was pleased with you.
You were a hulking beast.
You visited 2 branches of the dungeon, and saw 8 of its levels.
You also visited: Ossuary.

You collected 525 gold pieces.

Inventory:

Hand Weapons
 a - a +0 long sword (weapon)
 f - a +0 rapier of flaming
Armour
 b - a +0 scale mail (worn)
 c - a +0 buckler (worn)
 s - a +0 pair of boots
Talismans
 k - a beast talisman (active)
Wands
 d - a wand of polymorph (8)
 j - a wand of digging (5)
 w - a wand of roots (22)
 B - a wand of paralysis (4)
Scrolls
 e - a scroll of vulnerability {unknown}
 g - 2 scrolls of torment
 h - 2 scrolls of blinking
 l - a scroll of silence {unknown}
 q - a scroll of enchant weapon {unknown}
 r - 7 scrolls of teleportation
 t - 2 scrolls of fog {unknown}
 x - 3 scrolls of immolation {unknown}
 y - 3 scrolls of amnesia {unknown}
 z - a scroll of enchant armour {unknown}
 A - 2 scrolls of butterflies {unknown}
 C - 2 scrolls of fear {unknown}
 D - 2 scrolls of identify
 F - 3 scrolls of revelation {unknown}
 G - a scroll of noise {unknown}
Potions
 i - 2 potions of brilliance {unknown}
 m - 3 potions of curing
 n - a potion of attraction {unknown}
 o - 2 potions of haste {unknown}
 p - 6 potions of enlightenment
 u - 3 potions of resistance {unknown}
 v - a potion of berserk rage {unknown}
 E - a potion of lignification {unknown}


   Skills:
 + Level 6.4 Fighting
 + Level 5.4 Long Blades
 + Level 6.5 Armour
 + Level 4.4 Dodging
 + Level 7.6 Shields
 + Level 4.4 Shapeshifting


You had 8 spell levels left.
You didn't know any spells.
Your spell library contained the following spells:

 Spells                   Type           Power      Damage    Failure   Level
 Tukima's Dance           Hex            0%         N/A       98%         3
 Dimensional Bullseye     Hex/Tloc       0%         N/A       100%        4
 Iskenderun's Mystic Bla  Conj/Tloc      0%         2d3       100%        4
 Passage of Golubria      Tloc           0%         N/A       100%        4
 Yara's Violent Unravell  Hex/Tmut       0%         3d3       100%        5


Dungeon Overview and Level Annotations

Branches:
Dungeon (7/15)             Temple (1/1) D:4         Ossuary (visited)

Altars:
Cheibriados
Dithmenos
Elyvilon
Fedhas
Kikubaaqudgha
Makhleb
Nemelex Xobeh
Okawaru
Qazlal
Ru
Uskayaw
Vehumet
Wu Jian
Zin
The Shining One

Annotations:
D:3 2 runed translucent doors, tish's ghost, amateur BaWr


Innate Abilities, Weirdness & Mutations

You are a hulking beast.
Your limbs bulge with bestial killing power. (Slay +2)
You cannot be hasted, slowed, berserked, paralysed or teleported.
You can dig through walls and to a lower floor.
You have a pair of large antennae on your head. (SInv)
Your four strong arms can wield two-handed weapons with a shield.


Message History

You closely miss the steam dragon.
The steam dragon is almost dead.
You block the steam dragon's attack.
The steam dragon claws you but does no damage.
You hit the steam dragon but do no damage.
The steam dragon is almost dead.
The steam dragon breathes steam at you. The ball of steam hits you!
You block the steam dragon's attack. The steam dragon claws you.
* * * LOW HITPOINT WARNING * * *
You slash the steam dragon!
You kill the steam dragon!
Qazlal accepts your kill. The acid dragon spits acid at you.
You block the splash of acid.
You hit the acid dragon.
The acid dragon is lightly wounded.
The acid dragon bites you!
* * * LOW HITPOINT WARNING * * *
You block the acid dragon's attack.
You feel much better. The acid dragon bites you.
You block the acid dragon's attack.
You barely miss the acid dragon.
The acid dragon is lightly wounded.
The acid dragon spits acid at you. The splash of acid hits you!
* * * LOW HITPOINT WARNING * * *
You slash the acid dragon!
The acid dragon is severely wounded.
The acid dragon barely misses you.
The acid dragon claws you but does no damage.
You hit the acid dragon.
The acid dragon is severely wounded.
The acid dragon bites you but does no damage.
You block the acid dragon's attack.
You hit the acid dragon.
The acid dragon is severely wounded.
The acid dragon spits acid at you. The splash of acid hits you!!
You die...

......................#.....#....
##.#.#############.#.....####..##
##.#...................... .....
...#.####.#######.##.##. ########
#..#.# #............... # #....#
#.###......... { {# ...###
#.###.###.#.# # ####
#.#.....D...# # #.#.....h$..# #
#......§°.....#.. # ####
###.........#...# { # ....
#.........#...# ###### ####
#.........#...# #.#... #<#..
###.###.#.#... [.#.# #.#.#..#
#...[##.#.##.# #.#.# ##.#.#..#
#....##.#.##.#####.#.# ##.#.#..#
#..................#.#


You could see an acid dragon (catching breath).

Vanquished Creatures
  A steam dragon (D:7)
  Duvessa (D:4)
  4 ice beasts
  A black bear (D:7)
  2 ogres
  2 phantoms
  Blork the orc (D:5)
  A bullfrog (D:5)
  An elf zombie (Ossuary)
  A scorpion (D:5)
  Dowan (D:4)
  A killer bee (D:4)
  A howler monkey (D:7)
  5 orc priests
  2 gnoll boudas
  2 hounds (D:5)
  A sleepcap (D:5)
  Jessica (D:2)
  4 iguanas
  3 orc wizards
  A hound zombie (Ossuary)
  4 mummies (Ossuary)
  10 gnolls
  10 adders
  A white imp (D:6)
  8 ufetubi
  3 worms
  5 dart slugs
  23 orcs
  8 ball pythons
  7 bats
  5 endoplasms
  2 giant cockroaches (D:1)
  6 goblins
  11 hobgoblins
  4 jackals
  3 quokkas
  A frilled lizard (D:3)
  3 gnoll zombies (Ossuary)
  2 hobgoblin zombies (Ossuary)
  A jackal zombie (Ossuary)
  5 kobolds
  2 kobold zombies (Ossuary)
  An orc zombie (Ossuary)
  4 rats
  A rat zombie (Ossuary)
167 creatures vanquished.

Notes
Turn   | Place    | Note
-------+----------+-------------------------------------------
     0 | D:1      | BinkBink the Formicid Fighter began the quest for the Orb.
     0 | D:1      | Reached XP level 1. HP: 18/18 MP: 1/1
   106 | D:1      | Reached XP level 2. HP: 24/24 MP: 2/2
   318 | D:1      | Reached XP level 3. HP: 16/29 MP: 3/3
  1135 | D:2      | Reached XP level 4. HP: 35/37 MP: 4/4
  1164 | D:2      | Reached skill level 1 in Dodging
  1311 | D:2      | Noticed Jessica
  1326 | D:2      | Killed Jessica
  1777 | D:3      | Reached XP level 5. HP: 42/42 MP: 5/5
  1792 | D:3      | Found a faded altar of an unknown god.
  2002 | D:3      | Reached skill level 1 in Shapeshifting
  2224 | D:3      | Found a shadowy altar of Dithmenos.
  2243 | D:3      | Reached XP level 6. HP: 48/48 MP: 6/6
  2293 | D:3      | Reached skill level 5 in Shields
  2406 | D:3      | Found a large runed translucent door.
  2406 | D:3      | Found a large runed translucent door.
  2407 | D:3      | Noticed tish's ghost (amateur BaWr)
  2871 | D:4      | Found a staircase to the Ecumenical Temple.
  2883 | Temple   | Entered the Ecumenical Temple
  2898 | Temple   | Became a worshipper of Qazlal Stormbringer
  3075 | D:4      | Noticed Dowan
  3092 | D:4      | Noticed Duvessa
  3129 | D:4      | Found a sand-covered staircase.
  3138 | Ossuary  | Entered an ossuary
  3182 | Ossuary  | Reached XP level 7. HP: 28/55 MP: 7/7
  3334 | Ossuary  | Reached * piety under Qazlal
  3435 | D:4      | Killed Duvessa
  4040 | D:4      | Found an iron altar of Okawaru.
  4163 | D:4      | Killed Dowan
  4279 | D:5      | Entered Level 5 of the Dungeon
  4355 | D:5      | Reached skill level 5 in Fighting
  4370 | D:5      | Reached skill level 5 in Armour
  4370 | D:5      | Reached XP level 8. HP: 53/62 MP: 8/8
  4466 | D:5      | Reached skill level 6 in Shields
  4487 | D:5      | Identified the +2 robe of the Wheelwright {Harm Fly rPois}
  4721 | D:5      | Found a burning altar of Makhleb.
  5386 | D:5      | Noticed Blork the orc
  5394 | D:5      | Killed Blork the orc
  5654 | D:5      | Reached ** piety under Qazlal
  5956 | D:6      | Reached XP level 9. HP: 69/69 MP: 9/9
  6205 | D:6      | Reached skill level 7 in Shields
  6485 | D:7      | Reached skill level 5 in Long Blades
  7430 | D:6      | Found a sparkling altar of Nemelex Xobeh.
  7467 | D:6      | Found a glowing golden altar of the Shining One.
  7874 | D:7      | Killed from afar by an acid dragon

Illustrated notes

Levels and vault maps discovered:
D:1:      lightli_arrival_farm, layout_basic
D:2:      layout_rooms, uniq_jessica
D:3:      layout_loops_ring, nicolae_dithmenos_shadow_blocks,
          nicolae_ecumenical_snake_handling, ebering_ghost_disaster_area
D:4:      minmay_chambers_of_fours, layout_rooms, kennysheep_mini,
          minmay_temple_entry_statues, mainiacjoe_ossuary_entry_dusty_tomb,
          uniq_duvessa
D:5:      layout_loops_ring, mainiacjoe_overflow_surrounded_room,
          chequers_serial_rivers_small_b, uniq_blork_the_orc
D:6:      layout_gridville, nicolae_tso_swordbearing_angel,
          nemelex_dance_club_becter
D:7:      minmay_cornered_nines, layout_basic
Temple:   eino_wide_crystal_templ

Skill      XL: |  1  2  3  4  5  6  7  8  9 |
---------------+----------------------------+-----
Dodging        | 1 2 3 4 |  4.4
Armour         | 4 5 6 |  6.5
Fighting       | 4 5 6 |  6.4
Shapeshifting  | 1 2 3 4 |  4.4
Long Blades    | 3 4 5 |  5.4
Shields        | 5 6 7 |  7.6

Action                     |  1- 3 |  4- 6 |  7- 9 || total
---------------------------+-------+-------+-------++-------
  Melee: Long sword        |   105 |   223 |   432 ||   760
         Rapier            |       |       |    15 ||    15
  Evoke: Wand              |       |       |     1 ||     1
    Use: Potion            |       |     2 |     5 ||     7
         Scroll            |       |     2 |     3 ||     5
 Armour: Scale mail        |    95 |   168 |   341 ||   604
  Dodge: Dodged            |    73 |   114 |   244 ||   431
  Block: Buckler           |    39 |    66 |   235 ||   340
   Form: Beast             |       |     1 |       ||     1

Table legend: (Time is in decaauts)
 A = Elapsed time spent in this place.
 B = Non-inter-level travel time spent in this place.
 C = Inter-level travel time spent in this place.
 D = Time resting spent in this place.
 E = Time spent auto-exploring this place.
 F = Levels seen in this place.
 G = Mean time per level.
                   A        B        C        D        E       F      G
               +--------+--------+--------+--------+--------+-----+--------+
         Total |   8086 |   7870 |    216 |   1404 |   4485 |   9 |  898.4 |
       Dungeon |   7748 |   7558 |    190 |   1300 |   4484 |   7 | 1106.9 |
        Temple |     30 |      4 |     26 |      0 |      0 |   1 |   30.0 |
       Ossuary |    307 |    307 |      0 |    104 |      1 |   1 |  307.0 |
               +--------+--------+--------+--------+--------+-----+--------+

Top non-repeatable levels by time:
     D:5: 1643 daAuts
     D:6: 1292 daAuts
     D:1: 1136 daAuts
     D:3: 1132 daAuts
     D:4: 1108 daAuts
     D:7: 729 daAuts
     D:2: 704 daAuts
 Ossuary: 307 daAuts
  Temple: 30 daAuts
